| TOP OF THE 1ST |
|
Brockton Rox batting - Pitching for York Revolution : RHP Jordan Lopez
|
|
Pitching: RHP Jordan Lopez
|
|
|
Batting: LHB Darby Starburster
|
0-0: Ball 1-0: Foul Ball, location: 2F 1-1: Called Strike 1-2: Strikes out swinging
|
|
Batting: RHB Jose Blocker
|
0-0: Ball 1-0: Swinging Strike 1-1: Foul Ball, location: 2F 1-2: Ball 2-2: Strikes out looking
|
|
Batting: LHB Isaiah Spitzbarth
|
0-0: Called Strike 0-1: Swinging Strike 0-2: Ball 1-2: Strikes out swinging
|
| Top of the 1st over - 0 runs, 0 hits, 0 errors, 0 left on base; Brockton 0 - York 0 |
| BOTTOM OF THE 1ST |
|
York Revolution batting - Pitching for Brockton Rox : RHP Emile Pirandello
|
|
Pitching: RHP Emile Pirandello
|
|
|
Batting: RHB Dan Shaffer
|
0-0: Ball 1-0: Ball 2-0: Ground out 5-3 (Groundball, 5, EV 76.9 MPH)
|
|
Batting: RHB Jonathan Steria
|
0-0: Ball 1-0: Called Strike 1-1: Called Strike 1-2: SOLO HOME RUN (Flyball, 7LD, EV 91.9 MPH), Distance : 339 ft
|
|
Batting: LHB Mike Hawk
|
0-0: Swinging Strike 0-1: Swinging Strike 0-2: Ball 1-2: Foul Ball, location: 2F 1-2: Ball 2-2: Strikes out swinging
|
|
Batting: RHB Juan Gonzalez
|
0-0: Ball 1-0: Foul Ball, location: 2F 1-1: Fly out, F9 (Flyball, 9S, EV 82.5 MPH)
|
| Bottom of the 1st over - 1 run, 1 hit, 0 errors, 0 left on base; Brockton 0 - York 1 |
| TOP OF THE 2ND |
|
Brockton Rox batting - Pitching for York Revolution : RHP Jordan Lopez
|
|
Batting: LHB Joe Martens
|
0-0: Swinging Strike 0-1: Ball 1-1: Foul Ball, location: 2F 1-2: Ball 2-2: Strikes out swinging
|
|
Batting: SHB Zach Clark
|
0-0: Hit by Pitch
|
|
Batting: LHB Eddie Noon
|
0-0: Called Strike 0-1: Ball 1-1: Grounds into double play, 4-6-3 (Groundball, 4, EV 83.1 MPH)
|
| Top of the 2nd over - 0 runs, 0 hits, 0 errors, 0 left on base; Brockton 0 - York 1 |
| BOTTOM OF THE 2ND |
|
York Revolution batting - Pitching for Brockton Rox : RHP Emile Pirandello
|
|
Batting: RHB Alexis Graciani
|
0-0: Swinging Strike 0-1: Called Strike 0-2: Ball 1-2: Ball 2-2: Ball 3-2: Strikes out looking
|
|
Batting: LHB Cipto Pakpahan
|
0-0: Fly out, F9 (Flyball, 89M, EV 81.9 MPH)
|
|
Batting: RHB Mike Staunton
|
0-0: Ball 1-0: Called Strike 1-1: Swinging Strike 1-2: Strikes out swinging
|
| Bottom of the 2nd over - 0 runs, 0 hits, 0 errors, 0 left on base; Brockton 0 - York 1 |
| TOP OF THE 3RD |
|
Brockton Rox batting - Pitching for York Revolution : RHP Jordan Lopez
|
|
Batting: LHB Alexis Toxqui
|
0-0: Foul Ball, location: 2F 0-1: Swinging Strike 0-2: Foul Ball, location: 2F 0-2: Ball 1-2: Foul Ball, location: 2F 1-2: Ball 2-2: Ball 3-2: Fly out, F6 (Popup, P, EV 71.2 MPH)
|
|
Batting: LHB Makoto Shimazu
|
0-0: Ball 1-0: Fly out, F8 (Line Drive, 8RM, EV 84.4 MPH)
|
|
Batting: RHB David Stone
|
0-0: Ground out 5-3 (Groundball, 56S, EV 89.4 MPH)
|
| Top of the 3rd over - 0 runs, 0 hits, 0 errors, 0 left on base; Brockton 0 - York 1 |
| BOTTOM OF THE 3RD |
|
York Revolution batting - Pitching for Brockton Rox : RHP Emile Pirandello
|
|
Batting: LHB Skyler Bright
|
0-0: Ball 1-0: Ball 2-0: Called Strike 2-1: Foul Ball, location: 2F 2-2: Strikes out swinging
|
|
Batting: RHB Tim Schell
|
0-0: Called Strike 0-1: SINGLE (Groundball, 5L, EV 94.4 MPH)
|
|
Batting: RHB Dan Shaffer
|
0-0: Ball 1-0: Ball 2-0: Called Strike 2-1: Foul Ball, location: 2F 2-2: Strikes out swinging
|
|
Batting: RHB Jonathan Steria
|
0-0: Called Strike 0-1: Ball 1-1: Swinging Strike 1-2: Fly out, F7 (Flyball, 78D, EV 93.8 MPH)
|
| Bottom of the 3rd over - 0 runs, 1 hit, 0 errors, 1 left on base; Brockton 0 - York 1 |
| TOP OF THE 4TH |
|
Brockton Rox batting - Pitching for York Revolution : RHP Jordan Lopez
|
|
Batting: LHB Darby Starburster
|
0-0: Ball 1-0: Foul Ball, location: 2F 1-1: Swinging Strike 1-2: Strikes out looking
|
|
Batting: RHB Jose Blocker
|
0-0: Ball 1-0: Fly out, F8 (Line Drive, 8LM, EV 98.8 MPH)
|
|
Batting: LHB Isaiah Spitzbarth
|
0-0: Ball 1-0: Foul Ball, location: 2F 1-1: Foul Ball, location: 2F 1-2: Strikes out swinging
|
| Top of the 4th over - 0 runs, 0 hits, 0 errors, 0 left on base; Brockton 0 - York 1 |
| BOTTOM OF THE 4TH |
|
York Revolution batting - Pitching for Brockton Rox : RHP Emile Pirandello
|
|
Batting: LHB Mike Hawk
|
0-0: Ball 1-0: Foul Ball, location: 2F 1-1: Ball 2-1: Foul Ball, location: 2F 2-2: Ball 3-2: Strikes out looking
|
|
Batting: RHB Juan Gonzalez
|
0-0: Ball 1-0: Foul Ball, location: 2F 1-1: Called Strike 1-2: Strikes out swinging
|
|
Batting: RHB Alexis Graciani
|
0-0: Called Strike 0-1: Foul Ball, location: 2F 0-2: Foul Ball, location: 2F 0-2: Ball 1-2: Ball 2-2: DOUBLE (Flyball, 8LD, EV 90.0 MPH)
|
|
Batting: LHB Cipto Pakpahan
|
0-0: Ball 1-0: SINGLE (Line Drive, 4D, EV 106.9 MPH) Alexis Graciani to third
|
|
Batting: RHB Mike Staunton
|
0-0: Ball 1-0: SINGLE (Groundball, 56D, EV 103.1 MPH) Alexis Graciani scores Cipto Pakpahan to second
|
|
Batting: LHB Skyler Bright
|
0-0: Ball 1-0: Ground out U3 (Groundball, 34, EV 100.0 MPH)
|
| Bottom of the 4th over - 1 run, 3 hits, 0 errors, 2 left on base; Brockton 0 - York 2 |
| TOP OF THE 5TH |
|
Brockton Rox batting - Pitching for York Revolution : RHP Jordan Lopez
|
|
Batting: LHB Joe Martens
|
0-0: Foul Ball, location: 2F 0-1: Ball 1-1: Called Strike 1-2: Ball 2-2: Ball 3-2: Strikes out swinging
|
|
Batting: SHB Zach Clark
|
0-0: Called Strike 0-1: Ground out 4-3 (Groundball, 4, EV 85.0 MPH)
|
|
Batting: LHB Eddie Noon
|
0-0: Ball 1-0: Ball 2-0: Called Strike 2-1: Fly out, F9 (Line Drive, 9, EV 85.6 MPH)
|
| Top of the 5th over - 0 runs, 0 hits, 0 errors, 0 left on base; Brockton 0 - York 2 |
| BOTTOM OF THE 5TH |
|
York Revolution batting - Pitching for Brockton Rox : RHP Emile Pirandello
|
|
Batting: RHB Tim Schell
|
0-0: Ball 1-0: Ball 2-0: Foul Ball, location: 2F 2-1: Foul Ball, location: 2F 2-2: Fly out, F7 (Line Drive, 78M, EV 100.0 MPH)
|
|
Batting: RHB Dan Shaffer
|
0-0: Ball 1-0: Foul Ball, location: 2F 1-1: Ball 2-1: Foul Ball, location: 2F 2-2: SINGLE (Line Drive, 6D, EV 99.4 MPH)
|
|
Batting: RHB Jonathan Steria
|
0-0: Hit by Pitch Dan Shaffer to second
|
|
Batting: LHB Mike Hawk
|
0-0: Called Strike 0-1: Foul Ball, location: 2F 0-2: Ball 1-2: Ball 2-2: Foul Ball, location: 2F 2-2: Foul Ball, location: 2F 2-2: Strikes out swinging
|
|
Pitching: RHP Vance Haynes
|
|
|
Batting: RHB Juan Gonzalez
|
0-0: Called Strike 0-1: Foul Ball, location: 2F 0-2: Ball 1-2: DOUBLE (Line Drive, 9LM, EV 105.0 MPH) Dan Shaffer scores Jonathan Steria to third
|
|
Batting: RHB Alexis Graciani
|
0-0: Ball 1-0: Called Strike 1-1: Ball 2-1: Called Strike 2-2: Strikes out looking
|
| Bottom of the 5th over - 1 run, 2 hits, 0 errors, 2 left on base; Brockton 0 - York 3 |
| TOP OF THE 6TH |
|
Brockton Rox batting - Pitching for York Revolution : RHP Jordan Lopez
|
|
Batting: LHB Alexis Toxqui
|
0-0: Called Strike 0-1: Ball 1-1: Swinging Strike 1-2: Strikes out looking
|
|
Batting: LHB Makoto Shimazu
|
0-0: Ground out 6-3 (Groundball, 6S, EV 80.6 MPH)
|
|
Batting: RHB David Stone
|
0-0: Called Strike 0-1: Called Strike 0-2: Strikes out looking
|
| Top of the 6th over - 0 runs, 0 hits, 0 errors, 0 left on base; Brockton 0 - York 3 |
| BOTTOM OF THE 6TH |
|
York Revolution batting - Pitching for Brockton Rox : RHP Vance Haynes
|
|
Batting: LHB Cipto Pakpahan
|
0-0: Ball 1-0: Fly out, F8 (Flyball, 78D, EV 89.4 MPH)
|
|
Batting: RHB Mike Staunton
|
0-0: Ball 1-0: Ball 2-0: Fly out, F7 (Flyball, 7, EV 92.5 MPH)
|
|
Batting: LHB Skyler Bright
|
0-0: Ball 1-0: Fly out, F6 (Popup, 15, EV 83.1 MPH)
|
| Bottom of the 6th over - 0 runs, 0 hits, 0 errors, 0 left on base; Brockton 0 - York 3 |
| TOP OF THE 7TH |
|
Brockton Rox batting - Pitching for York Revolution : RHP Jordan Lopez
|
|
Batting: LHB Darby Starburster
|
0-0: Ball 1-0: Called Strike 1-1: Foul Ball, location: 2F 1-2: Ball 2-2: Strikes out swinging
|
|
Batting: RHB Jose Blocker
|
0-0: Swinging Strike 0-1: Ball 1-1: Foul Ball, location: 2F 1-2: Foul Ball, location: 2F 1-2: Ball 2-2: Ball 3-2: Hit by Pitch
|
|
Batting: LHB Isaiah Spitzbarth
|
0-0: Ball 1-0: Foul Ball, location: 2F 1-1: Swinging Strike 1-2: Ball 2-2: Ball 3-2: Foul Ball, location: 2F 3-2: Strikes out looking
|
|
Batting: LHB Joe Martens
|
0-0: SINGLE (Line Drive, 78S, EV 92.5 MPH) Jose Blocker to second
|
|
Pitching: RHP Katsushi Endo
|
|
|
Batting: SHB Zach Clark
|
0-0: Ball 1-0: Swinging Strike 1-1: Foul Ball, location: 2F 1-2: Ball 2-2: Strikes out swinging
|
| Top of the 7th over - 0 runs, 1 hit, 0 errors, 2 left on base; Brockton 0 - York 3 |
| BOTTOM OF THE 7TH |
|
York Revolution batting - Pitching for Brockton Rox : RHP Vance Haynes
|
|
Batting: RHB Tim Schell
|
0-0: Ball 1-0: Called Strike 1-1: Foul Ball, location: 2F 1-2: Strikes out swinging
|
|
Batting: RHB Dan Shaffer
|
0-0: Ball 1-0: Foul Ball, location: 2F 1-1: Foul Ball, location: 2F 1-2: Foul Ball, location: 2F 1-2: Foul Ball, location: 2F 1-2: Foul Ball, location: 2F 1-2: Ball 2-2: SOLO HOME RUN (Flyball, 9LD, EV 91.2 MPH), Distance : 345 ft
|
|
Batting: RHB Jonathan Steria
|
0-0: Called Strike 0-1: Ball 1-1: Foul Ball, location: 2F 1-2: Ball 2-2: Strikes out swinging
|
|
Batting: LHB Mike Hawk
|
0-0: Called Strike 0-1: Ball 1-1: Called Strike 1-2: Strikes out looking
|
| Bottom of the 7th over - 1 run, 1 hit, 0 errors, 0 left on base; Brockton 0 - York 4 |
| TOP OF THE 8TH |
|
Brockton Rox batting - Pitching for York Revolution : RHP Katsushi Endo
|
|
Batting: LHB Eddie Noon
|
0-0: Called Strike 0-1: Swinging Strike 0-2: Ball 1-2: Fly out, F9 (Line Drive, 9S, EV 96.2 MPH)
|
|
Batting: LHB Alexis Toxqui
|
0-0: Called Strike 0-1: Called Strike 0-2: Ball 1-2: Ball 2-2: Ball 3-2: Base on Balls
|
|
Batting: LHB Makoto Shimazu
|
0-0: Foul Ball, location: 2F 0-1: Ball 1-1: Ball 2-1: Swinging Strike 2-2: Strikes out swinging
|
|
Batting: RHB David Stone
|
0-0: Swinging Strike 0-1: Ball 1-1: Foul Ball, location: 2F 1-2: Strikes out swinging
|
| Top of the 8th over - 0 runs, 0 hits, 0 errors, 1 left on base; Brockton 0 - York 4 |
| BOTTOM OF THE 8TH |
|
York Revolution batting - Pitching for Brockton Rox : RHP Vance Haynes
|
|
Batting: RHB Juan Gonzalez
|
0-0: Called Strike 0-1: Called Strike 0-2: Strikes out swinging
|
|
Batting: RHB Alexis Graciani
|
0-0: Ball 1-0: Fly out, F8 (Flyball, 8LD, EV 66.9 MPH)
|
|
Batting: LHB Cipto Pakpahan
|
0-0: SINGLE (Line Drive, 6MD, EV 105.6 MPH)
|
|
Pitching: RHP Wu-sheng Zi
|
|
|
Batting: RHB Mike Staunton
|
0-0: Ball 1-0: Ball 2-0: Called Strike 2-1: Fly out, F8 (Flyball, 8LM, EV 85.6 MPH)
|
| Bottom of the 8th over - 0 runs, 1 hit, 0 errors, 1 left on base; Brockton 0 - York 4 |
| TOP OF THE 9TH |
|
Brockton Rox batting - Pitching for York Revolution : RHP Katsushi Endo
|
|
Pinch Hitting: RHB Kyle Franken
|
0-0: Ball 1-0: Foul Ball, location: 2F 1-1: Foul Ball, location: 2F 1-2: Foul Ball, location: 2F 1-2: Foul Ball, location: 2F 1-2: Ball 2-2: Foul Ball, location: 2F 2-2: Ball 3-2: SINGLE (Flyball, 9LS, EV 91.2 MPH)
|
|
Pinch Hitting: RHB Matt Walker
|
0-0: SINGLE (Groundball, 5D, EV 103.1 MPH) Kyle Franken to second
|
|
Pitching: LHP Carlton Hookway
|
|
|
Batting: LHB Isaiah Spitzbarth
|
0-0: Swinging Strike 0-1: Foul Ball, location: 2F 0-2: Foul Ball, location: 2F 0-2: Ball 1-2: Ball 2-2: Ball 3-2: Strikes out swinging
|
|
Pinch Hitting: RHB Joe Borrowman
|
0-0: Ball 1-0: Ball 2-0: Grounds into double play, 4-6-3 (Groundball, 4, EV 80.6 MPH)
|
| Top of the 9th over - 0 runs, 2 hits, 0 errors, 1 left on base; Brockton 0 - York 4 |
|